 Dungeon Crawl Stone Soup version 0.21-a0-584-g185da8e (webtiles) character file.

67 Amnesiac the Changer (level 4, -1/29 HPs)
             Began as an Octopode Transmuter on Dec 20, 2017.
             Slain by an adder (3 damage)
             ... on level 2 of the Dungeon.
             The game lasted 00:01:40 (1308 turns).

Amnesiac the Changer (Octopode Transmuter)          Turns: 1308, Time: 00:01:41

Health: -1/29      AC:  1    Str:  9    XL:     4   Next: 16%
Magic:  7/7        EV: 19    Int: 15    God:
Gold:   82         SH:  0    Dex: 18    Spells: 1/7 levels left

rFire    . . .     SeeInvis .     - Unarmed
rCold    . . .     Gourm    .   (no shield)
rNeg     . . .     Faith    .   (helmet restricted)
rPois    .         Spirit   .   (no amulet)
rElec    .         Reflect  .   (no ring)
rCorr    .         Harm     .   (no ring)
MR       .....                  (no ring)
Stlth    ++++......             (no ring)
HPRegen  0.09/turn              (no ring)
MPRegen  0.10/turn              (no ring)
                                (no ring)
                                (no ring)

@: agile, lethally poisoned (-1 -> -11)
A: almost no armour, stealthy swim, amphibious, 8 rings, constrict 8, camouflage
1, gelatinous body 1
a: no special abilities


You were on level 2 of the Dungeon.
You were not hungry.

You visited 1 branch of the dungeon, and saw 2 of its levels.

You collected 82 gold pieces.

Inventory:

Hand Weapons
 k - a +0 hunting sling
Missiles
 a - 45 arrows
 h - 3 needles of confusion
 j - 76 stones (quivered)
Scrolls
 g - a scroll of remove curse {!r, unknown}
 i - a scroll of enchant weapon {!r}
Books
 b - a book of Changes

   Spells                             Type                      Level
   a - Beastly Appendage              Transmutation                1
   b - Sticks to Snakes               Transmutation                2
   c - Spider Form                    Transmutation/Poison         3
   d - Ice Form                       Ice/Transmutation            4
   e - Blade Hands                    Transmutation                5
Comestibles
 c - 2 rations
 d - a chunk of flesh


   Skills:
 - Level 2.2 Fighting
 - Level 2.2 Dodging
 - Level 3.0 Unarmed Combat
 - Level 2.0 Spellcasting
 + Level 3.5 Transmutations


You had one spell level left.
You knew the following spells:

 Your Spells              Type           Power        Failure   Level  Hunger
a - Beastly Appendage     Tmut           ##....       4%          1    #......
b - Sticks to Snakes      Tmut           ##......     8%          2    ###....
c - Spider Form           Tmut/Pois      #.........   32%         3    ###....


Dungeon Overview and Level Annotations

Branches:
Dungeon (2/15)

Altars:
Hepliaklqana
Xom


Innate Abilities, Weirdness & Mutations

You cannot wear most types of armour.
You are very stealthy in the water. (Stealth+)
You are amphibious.
You can wear up to eight rings at the same time.
You can use your tentacles to constrict eight enemies at once.
Your skin changes colour to match your surroundings (Stealth+).
Your rubbery body absorbs attacks. (AC +1, EV +1)


Message History

Firing (i - inventory):
j - 80 stones (quivered)
Press: ? - help, Shift-Dir - straight line, f/p - adder
Aim: an adder You shoot a stone.
The stone barely misses the adder.
Firing (i - inventory):
j - 79 stones (quivered)
Press: ? - help, Shift-Dir - straight line, f/p - adder
Aim: an adder You shoot a stone.
The stone hits the adder.
The adder is heavily wounded.
The adder closely misses you.
Really attack while wielding your +0 hunting sling?
You closely miss the adder.
The adder is heavily wounded.
The adder closely misses you. The adder bites you but does no damage.
You clumsily bash the adder but do no damage.
The adder is heavily wounded.
The adder bites you but does no damage. The adder bites you.
You are poisoned.
The adder poisons you!
You clumsily bash the adder but do no damage.
The adder is heavily wounded.
You feel sick. The adder completely misses you.
The adder bites you but does no damage.
Firing (i - inventory):
j - 78 stones (quivered)
Press: ? - help, Shift-Dir - straight line, f/p - adder
Aim: an adder (heavily wounded)
You shoot a stone. The stone closely misses the adder.
You feel sick. The adder bites you.
* * * LOW HITPOINT WARNING * * *
The adder closely misses you.
Firing (i - inventory):
j - 77 stones (quivered)
Press: ? - help, Shift-Dir - straight line, f/p - adder
Aim: an adder (heavily wounded)
You shoot a stone. The stone closely misses the adder.
The adder bites you.
* * * LOW HITPOINT WARNING * * *
You are more poisoned.
The adder poisons you! The adder bites you.
* * * LOW HITPOINT WARNING * * *
You are more poisoned.
The adder poisons you!
You are too injured to fight recklessly!
You are too injured to fight recklessly!
You are too injured to fight recklessly!
You are too injured to fight recklessly!
Really quaff
e - a pink potion {!q}?
It was a potion of agility {!q}.
You feel agile all of a sudden.
* * * LOW HITPOINT WARNING * * *
You feel sick. The adder completely misses you.
Really read
f - a scroll labeled AHOSE XIRRUH {!r}?
As you read the scroll labeled AHOSE XIRRUH {!r}, it crumbles to dust.
It is a scroll of identify.
i - a scroll of enchant weapon {!r}
* * * LOW HITPOINT WARNING * * *
You feel sick. The adder completely misses you.
Wield which item (- for none, * to show all)? (? for menu, Esc to quit)
You are now empty-tentacled.
* * * LOW HITPOINT WARNING * * *
You feel sick. The adder completely misses you.
You closely miss the adder.
You squeeze the adder, but do no damage.
The adder is heavily wounded.
The adder bites you.
You die...

(. ..( ### ..### ..
(((#.# #)(.# ...####(#
#### .....((.# ##.#.
K..####S# #.... ####@##
##...# #$....# #...##
#...#..#########...#
#..(##...........###
#### #..........##....#
.....##...###........###
#..((............#######
####...#.####...........
#.....# #.#.####....


You could see an adder.

Vanquished Creatures
  An adder (D:2)
  2 oozes
  A dart slug (D:1)
  A leopard gecko (D:1)
  5 bats (D:1)
  2 giant cockroaches
  5 goblins
  8 hobgoblins
  2 jackals (D:2)
  6 kobolds
  A quokka (D:2)
  5 frilled lizards
  4 rats
43 creatures vanquished.

Notes
Turn   | Place    | Note
-------+----------+-------------------------------------------
     0 | D:1      | Amnesiac the Octopode Transmuter began the quest for the Orb.
     0 | D:1      | Reached XP level 1. HP: 13/13 MP: 3/3
   114 | D:1      | Reached XP level 2. HP: 15/19 MP: 5/5
   243 | D:1      | Found a white marble altar of Elyvilon.
   245 | D:1      | Found a shimmering altar of Xom.
   245 | D:1      | Found a white marble altar of Elyvilon.
   247 | D:1      | Found a shimmering altar of Xom.
   247 | D:1      | Found a hazy altar of Hepliaklqana.
   247 | D:1      | Found an iron altar of Okawaru.
   424 | D:1      | Reached XP level 3. HP: 19/24 MP: 6/6
   472 | D:1      | Learned a level 2 spell: Sticks to Snakes
   476 | D:1      | Learned a level 3 spell: Spider Form
  1162 | D:2      | Reached XP level 4. HP: 29/29 MP: 7/7
  1308 | D:2      | Slain by an adder

Vault maps used:
D:1:      tarquinn_simple_flora_water_c, doesnt_xom_only_xom

Skill      XL: |  1  2  3 |
---------------+----------+-----
Fighting       | 2 |  2.2
Transmutations | 3 |  3.5
Dodging        | |  2.2
Unarmed Combat | |  3.0
Spellcasting   | |  2.0

Action                   |  1- 3 |  4- 6 || total
-------------------------+-------+-------++-------
Melee: Unarmed           |    80 |     1 ||    81
       Constrict         |    16 |       ||    16
       Tentacles         |    11 |     1 ||    12
       Hunting sling     |       |     3 ||     3
 Fire: Hunting sling     |     9 |    28 ||    37
  Use: Scroll            |       |     1 ||     1
       Potion            |       |     1 ||     1
 Stab: Sleeping          |     5 |       ||     5
  Eat: Chunk             |     1 |       ||     1
Armor: Skin              |     5 |     3 ||     8
Dodge: Dodged            |    60 |    13 ||    73

Table legend:
 A = Spawn XP
 B = Non-spawn XP
 C = Spawn XP percentage of total XP
 D = Spawn monster count
 E = Non-spawn monster count
 F = Spawn count percentage of total count
 G = Total turns spent on level
                    A         B        C        D         E        F      G
               +---------+---------+-------+---------+---------+-------+---------
         Total |       0 |      96 |   0.0 |       0 |      43 |   0.0 |  1308
               +---------+---------+-------+---------+---------+-------+---------
           D:1 |       0 |      55 |   0.0 |       0 |      28 |   0.0 |   993
           D:2 |       0 |      41 |   0.0 |       0 |      15 |   0.0 |   315
               +---------+---------+-------+---------+---------+-------+---------
